 Dungeon Crawl Stone Soup version 0.16-a0-3338-g714714c (webtiles) character file.

847 Gorice the Cleaver (level 8, -6/70 HPs)
             Began as a Hill Orc Wanderer on Dec 28, 2014.
             Mangled by a hill giant
             ... wielding a +0 giant club
              (27 damage)
             ... on level 5 of the Dungeon.
             The game lasted 00:34:11 (5030 turns).

Gorice the Cleaver (Hill Orc Wanderer)              Turns: 5030, Time: 00:34:11

Health: -6/70      AC:  9    Str: 17    XL:     8   Next: 1%
Magic:  9/9        EV:  7    Int: 11    God:
Gold:   174        SH:  0    Dex: 11    Spells: 0 memorised, 7 levels left

rFire  . . .     SeeInvis .     a - +0 war axe
rCold  . . .     Clarity  .     p - +0 chain mail
rNeg   . . .     SustAb   .     (no shield)
rPois  .         Gourm    .     (no helmet)
rElec  .         Spirit   .     (no cloak)
rCorr  .         Warding  .     (no gloves)
rMut   +         Stasis   .     (no boots)
MR     .....                    u - amulet of resist mutation
Stlth  ..........               F - ring of loudness (curse)
                                j - ring of invisibility

@: not resistant to hostile enchantments, extremely unstealthy
A: spit poison 1
a: Spit Poison, Evoke Invisibility


You were on level 5 of the Dungeon.
You were hungry.

You visited 2 branches of the dungeon, and saw 7 of its levels.

You collected 174 gold pieces.

Inventory:

Hand weapons
 a - a +0 war axe (weapon)
 b - a +0 blowgun
 g - a +2 short sword
Missiles
 n - 3 tomahawks (quivered)
 o - 15 bolts
 r - 12 steel sling bullets
 y - 5 arrows of dispersal
 E - 12 sling bullets of flame
 Z - 178 stones
Armour
 c - a +1 robe
 k - a +0 ring mail
 p - a +0 chain mail (worn)
Jewellery
 j - a ring of invisibility (left hand)
 u - an amulet of resist mutation (around neck)
 C - an uncursed ring of teleportation
 F - a cursed ring of loudness (right hand)
Magical devices
 G - a wand of flame (28)
 H - a wand of paralysis (6)
Scrolls
 e - 2 scrolls of teleportation
 t - a scroll of enchant armour
 A - a scroll of blinking
 B - a scroll of identify
 D - a scroll of fear
Potions
 h - a potion of might
 i - a potion of heal wounds
 l - a potion of cancellation
 m - 2 potions of lignification
 s - a potion of resistance
 x - a potion of brilliance
Comestibles
 d - 3 meat rations
 f - 3 bread rations
 q - a chunk of flesh


   Skills:
 - Level 5.9 Fighting
 - Level 1.0 Short Blades
 * Level 8.1(8.2) Axes
   Level 1.1(4.3) Maces & Flails
 + Level 5.4 Armour
 - Level 1.0 Dodging
 - Level 1.0 Stealth
 - Level 1.0 Evocations


You had 7 spell levels left.
You didn't know any spells.

Dungeon Overview and Level Annotations

Branches:
Dungeon (6/15)             Temple (1/1) D:5

Altars:
Ashenzari
Dithmenos
Elyvilon
Fedhas
Gozag
Makhleb
Qazlal
Ru
Trog
Vehumet
Xom
The Shining One

Annotations:
D:4 window vault with og?
D:5 pUX: ribbit!, Prince Ribbit


Innate Abilities, Weirdness & Mutations

You can spit poison.


Message History

Press: ? - help, Shift-Dir - straight line, f - hill giant
Aim: a hill giant, wielding a giant club (heavily wounded)
You shoot a poisoned needle.
The poisoned needle hits the hill giant!
The hill giant is poisoned.
The hill giant is heavily wounded.
The hill giant completely misses you.
The hill giant looks more healthy.
a - a +0 war axe (weapon)
You slash the hill giant!
The hill giant is severely wounded.
The hill giant hits you with a giant club!!
You hit the hill giant.
The hill giant is severely wounded.
The hill giant hits you with a giant club.
* * * LOW HITPOINT WARNING * * *
You hit the hill giant.
The hill giant is almost dead.
The hill giant hits you with a giant club!!
You die...

#......# ####..
######.#########...
#####.##.....##...
##.##...#.....##...
#.......#..>.......
##.##...#.....##.##
#.######.....##...
#.# ########### #@#
#.....## #C#
#....... #.#
#..>...# #.#
####..P...# #.#
#<........#
#.######.###...#.#
#................#
########.####.####
#.####.#


You could see a hill giant.

Vanquished Creatures
  A sky beast (D:5)
  An ogre (D:6)
  Sigmund (D:5)
  3 scorpions
  2 crimson imps
  2 worker ants
  3 hounds
  Natasha (twice) (D:3)
  2 orc wizards (D:4)
  3 adders
  4 worms
  2 giant geckos
  2 oozes
  10 orcs
  2 ball pythons (D:4)
  A bat zombie (D:1)
  6 giant cockroaches
  6 goblins
  9 hobgoblins
  8 jackals
  8 kobolds
  4 quokkas
  8 bats
  A giant gecko zombie (D:1)
  4 giant newts
  4 rats
99 creatures vanquished.

Notes
Turn   | Place    | Note
--------------------------------------------------------------
     0 | D:1      | Gorice, the Hill Orc Wanderer, began the quest for the Orb.
     0 | D:1      | Gorice set off with: a +2 short sword, 2 potions of lignification, a +0 robe, a meat ration
     0 | D:1      | Reached XP level 1. HP: 19/19 MP: 1/1
   157 | D:1      | Reached skill level 4 in Fighting
   165 | D:1      | Reached XP level 2. HP: 22/27 MP: 2/2
   734 | D:1      | Reached XP level 3. HP: 23/35 MP: 3/3
   762 | D:1      | Reached skill level 5 in Fighting
  1437 | D:2      | Reached XP level 4. HP: 27/44 MP: 4/4
  2157 | D:3      | Noticed Natasha
  2184 | D:3      | Killed Natasha
  2184 | D:3      | Reached skill level 1 in Axes
  2339 | D:3      | 1st 2 orcs encountered both had war axes, handy!
  2504 | D:3      | Noticed Natasha
  2564 | D:3      | Killed Natasha
  2564 | D:3      | Reached XP level 5. HP: 47/50 MP: 5/5
  2716 | D:3      | Gained mutation: You can spit poison. [potion of beneficial mutation]
  3404 | D:4      | Noticed an ogre
  3509 | D:4      | Reached XP level 6. HP: 46/57 MP: 7/7
  3764 | D:4      | Reached skill level 5 in Axes
  4151 | D:5      | Entered Level 5 of the Dungeon
  4151 | D:5      | Noticed Prince Ribbit
  4186 | D:5      | Reached skill level 6 in Axes
  4186 | D:5      | Reached XP level 7. HP: 62/62 MP: 8/8
  4212 | D:5      | Noticed Sigmund
  4233 | D:5      | Killed Sigmund
  4533 | D:5      | Found a staircase to the Ecumenical Temple.
  4540 | Temple   | Entered the Ecumenical Temple
  4716 | D:5      | Reached skill level 7 in Axes
  4716 | D:5      | Reached skill level 5 in Armour
  4916 | D:6      | Reached skill level 8 in Axes
  4916 | D:6      | Reached XP level 8. HP: 70/70 MP: 9/9
  4937 | D:6      | Noticed a hill giant
  5030 | D:5      | Mangled by a hill giant

Action                   |  1- 3 |  4- 6 |  7- 9 || total
-------------------------+-------+-------+-------++-------
Melee: Short sword       |   120 |    50 |       ||   170
       War axe           |       |   156 |    44 ||   200
 Fire: Blowgun           |       |    23 |    21 ||    44
Throw: Stone             |    30 |    11 |     1 ||    42
       Tomahawk          |       |     1 |     3 ||     4
  Use: Scroll            |     7 |    10 |     2 ||    19
       Potion            |       |     1 |     2 ||     3
 Stab: Sleeping          |     1 |       |       ||     1
  Eat: Chunk             |     2 |     8 |       ||    10
       Pizza             |       |       |     1 ||     1
       Beef jerky        |       |       |     1 ||     1
